 Dungeon Crawl Stone Soup version 0.16.1-2-g95b8d4c (webtiles) character file.

200 Tolias the Vexing (level 5, -5/33 HPs)
             Began as an Octopode Arcane Marksman on Mar 24, 2015.
             Was an Initiate of the Shining One.
             Slain by an orc priest
             ... wielding a +0 falchion
              (8 damage)
             ... on level 4 of the Dungeon.
             The game lasted 00:09:38 (3383 turns).

Tolias the Vexing (Octopode Arcane Marksman)        Turns: 3383, Time: 00:09:38

Health: -5/33      AC:  6    Str: 10    XL:     5   Next: 78%
Magic:  5/7        EV: 12    Int: 15    God:    the Shining One [......]
Gold:   139        SH:  0    Dex: 13    Spells: 2 memorised, 3 levels left

rFire  . . .     SeeInvis .     a - +2 short sword (protect)
rCold  . . .     Clarity  .     (no shield)
rNeg   . . .     SustAb   .     (helmet restricted)
rPois  .         Gourm    .     (no amulet)
rElec  .         Spirit   .     e - ring of flight
rCorr  .         Warding  .     (no ring)
rMut   .         Stasis   .     (no ring)
MR     .....                    (no ring)
Stlth  ++........               (no ring)
                                (no ring)
                                (no ring)
                                (no ring)

@: not resistant to hostile enchantments, unstealthy
A: almost no armour, amphibious, 8 rings, constrict 8, camouflage 1, gelatinous
body 1
a: Renounce Religion, Evoke Flight


You were on level 4 of the Dungeon.
You worshipped the Shining One.
The Shining One was noncommittal.
You were not hungry.

You visited 1 branch of the dungeon, and saw 4 of its levels.

You collected 139 gold pieces.

Inventory:

Hand weapons
 a - a +2 short sword of protection (weapon)
Missiles
 b - a javelin (quivered)
 c - 2 throwing nets {=f}
 k - 8 stones
Jewellery
 e - a ring of flight (left tentacle)
 i - an uncursed ring of ice
Magical devices
 o - a wand of magic darts (13)
 v - a wand of magic darts (16)
Scrolls
 m - 3 scrolls of enchant weapon
 r - a scroll of random uselessness {unknown}
 s - a scroll of magic mapping {unknown}
 t - a scroll of immolation {unknown}
 x - a scroll of noise {unknown}
Potions
 g - a potion of ambrosia
 h - a potion of heal wounds
 n - a potion of haste
 q - a potion of flight
 w - a potion of restore abilities {unknown}
Books
 d - a book of Debilitation

   Spells                             Type                      Level
   a - Corona                         Hexes                        1
   b - Slow                           Hexes                        2
   c - Inner Flame                    Hexes/Fire                   3
   d - Enslavement                    Hexes                        4
   e - Cause Fear                     Hexes                        4
   f - Leda's Liquefaction            Hexes/Earth                  4
 u - a book of Battle

   Spells                             Type                      Level
   a - Infusion                       Charms                       1
   b - Shroud of Golubria             Charms/Translocation         2
   c - Song of Slaying                Charms                       2
   d - Spectral Weapon                Hexes/Charms                 3
   e - Regeneration                   Charms/Necromancy            3
Comestibles
 f - 4 bread rations
 j - a meat ration
 l - a beef jerky
 p - a chunk of flesh {@w1}


   Skills:
 - Level 1.0 Fighting
 + Level 4.4 Throwing
 - Level 2.0 Dodging
 - Level 1.0 Spellcasting
 + Level 4.7 Hexes


You had 3 spell levels left.
You knew the following spells:

 Your Spells              Type           Power        Failure   Level  Hunger
e - Corona                Hex            ###....      3%          1    ##.....
r - Slow                  Hex            ###.....     6%          2    ###....


Dungeon Overview and Level Annotations

Branches:
Dungeon (4/15)
 Temple: D:4-7

Altars:
Gozag
Kikubaaqudgha
Okawaru
Trog
Xom
Yredelemnul
The Shining One


Innate Abilities, Weirdness & Mutations

You cannot wear most types of armour.
You are amphibious.
You can wear up to eight rings at the same time.
You can use your tentacles to constrict many enemies at once.
Your skin changes colour to match your surroundings (Stealth).
Your rubbery body absorbs attacks (AC +1).


Message History

The orc priest invokes the aid of Beogh against you.
Something smites you!
You hit the orc priest.
The orc priest is severely wounded.
You constrict the orc priest, but do no damage.
The orc priest barely misses you.
You hit the orc priest but do no damage.
The orc priest is severely wounded.
You constrict the orc priest, but do no damage.
The orc priest hits you but does no damage.
You hit the orc priest but do no damage.
The orc priest is severely wounded.
You constrict the orc priest, but do no damage.
The orc priest hits you with a falchion!
* * * LOW HITPOINT WARNING * * *
You hit the orc priest but do no damage.
The orc priest is severely wounded.
You constrict the orc priest, but do no damage.
The orc priest hits you with a falchion!
You die...

#....o........#
#.##.##
#####.(......##
#.#...#
#........##.#.#...#>
###.#.##....#.#<..#.
#(#.##.####.......
#(#...............
#(#####...........
#o#.....#.....##.>
#@#..#..#.###.####
#.......#.........
#.................###
#.###.#.......#.#.#
.. .#.#..##.#.#....
#. .#.#####.#.##... #
.# ..#.# .## .# ###..
.# ## ### ##


You could see an orc priest.

Vanquished Creatures
  An orc wizard (D:4)
  Natasha (thrice) (D:3)
  6 adders
  A worm (D:3)
  A giant gecko (D:3)
  An ooze (D:1)
  5 orcs
  A ball python (D:1)
  7 bats
  5 giant cockroaches
  11 goblins
  5 hobgoblins
  2 quokkas
  A giant newt (D:1)
  6 jackals
  8 kobolds
  7 rats
71 creatures vanquished.

Notes
Turn   | Place    | Note
--------------------------------------------------------------
     0 | D:1      | Tolias, the Octopode Arcane Marksman, began the quest for the Orb.
     0 | D:1      | Reached XP level 1. HP: 13/13 MP: 2/2
   446 | D:1      | Reached XP level 2. HP: 16/18 MP: 1/3
  1087 | D:1      | Reached XP level 3. HP: 16/23 MP: 2/4
  1570 | D:2      | Learned a level 2 spell: Slow
  1717 | D:2      | Found a glowing golden altar of the Shining One.
  1777 | D:2      | Became a worshipper of the Shining One
  1936 | D:2      | Reached XP level 4. HP: 28/28 MP: 5/5
  1975 | D:2      | Reached skill level 4 in Hexes
  2230 | D:3      | Found a bloodstained altar of Trog.
  2238 | D:3      | Found an iron altar of Okawaru.
  2240 | D:3      | Found a basalt altar of Yredelemnul.
  2240 | D:3      | Found an ancient bone altar of Kikubaaqudgha.
  2572 | D:3      | Noticed Natasha
  2575 | D:3      | Killed Natasha
  2575 | D:3      | Reached XP level 5. HP: 23/33 MP: 5/7
  2577 | D:3      | Noticed Natasha
  2584 | D:3      | Killed Natasha
  3026 | D:3      | Noticed Natasha
  3036 | D:3      | Killed Natasha
  3070 | D:3      | Found a shimmering altar of Xom.
  3142 | D:3      | Found an opulent altar of Gozag.
  3383 | D:4      | Slain by an orc priest

Action                   |  1- 3 |  4- 6 || total
-------------------------+-------+-------++-------
Melee: Unarmed           |    15 |       ||    15
       Short sword       |    47 |    67 ||   114
       Club              |     6 |       ||     6
Throw: Stone             |    80 |    52 ||   132
       Javelin           |     4 |     9 ||    13
       Throwing net      |     1 |       ||     1
 Cast: Corona            |    28 |    24 ||    52
       Slow              |       |     2 ||     2
  Use: Scroll            |     1 |     3 ||     4
       Potion            |       |     1 ||     1
 Stab: Sleeping          |     4 |       ||     4
  Eat: Chunk             |     3 |     5 ||     8
       Beef jerky        |     1 |       ||     1
